 Dungeon Crawl Stone Soup version 0.23.1 (webtiles) character file.

Game seed: 16055576077928699974

6186 Marnok the Cutter (level 11, -1/84 HPs)
             Began as a Human Fighter on Mar 12, 2019.
             Was a High Priest of the Shining One.
             Slain by a redback (5 damage)
             ... on level 2 of the Lair of Beasts.
             The game lasted 00:49:47 (8018 turns).

Marnok the Cutter (Human Fighter)                   Turns: 8018, Time: 00:49:49

Health: -1/84      AC: 16    Str: 16    XL:     11   Next: 14%
Magic:  11/11      EV:  7    Int: 16    God:    the Shining One [*****.]
Gold:   725        SH:  7    Dex: 16    Spells: 10/10 levels left

rFire    + + .     SeeInvis .   b - +7 quick blade of the Nexus {pierce, rC+}
rCold    + + .     Gourm    .   l - +1 buckler "Vedofuse" {rF+ Int+7}
rNeg     + + +     Faith    +   q - +0 plate armour
rPois    +         Spirit   .   x - +2 hat
rElec    +         Reflect  .   (no cloak)
rCorr    +         Harm     .   (no gloves)
MR       .....                  n - +0 pair of boots (curse)
Stlth    ..........             r - amulet of faith
HPRegen  0.24/turn              k - ring of positive energy
MPRegen  0.12/turn              y - ring of positive energy

@: lethally poisoned (-1 -> -70), about to teleport, resistant, glowing
A: no striking features
a: Divine Shield, Cleansing Flame, Summon Divine Warrior, Renounce Religion


You were on level 2 of the Lair of Beasts.
You worshipped the Shining One.
The Shining One was extremely pleased with you.
You were not hungry.

You visited 2 branches of the dungeon, and saw 11 of its levels.
You also visited: Sewer and Ossuary.

You collected 725 gold pieces.

Inventory:

Hand Weapons
 a - a +0 long sword
 b - the +7 quick blade of the Nexus (weapon) {pierce, rC+}
   (You acquired it on level 6 of the Dungeon)

   It inflicts extra damage upon your enemies.
   It protects you from cold.
 d - a +3 dagger
 t - a +0 great sword of holy wrath
 E - a +1 flail of holy wrath
Armour
 h - a +1 robe of magic resistance
 l - the +1 buckler "Vedofuse" (worn) {rF+ Int+7}
   (You found it in a sewer)

   It affects your intelligence (+7).
   It protects you from fire.
 n - a cursed +0 pair of boots (worn)
 q - a +0 plate armour (worn)
 x - a +2 hat (worn)
 C - a +0 pair of gloves
Magical Staves
 s - an uncursed staff of summoning
Jewellery
 k - a ring of positive energy (left hand)
 r - an amulet of faith (around neck)
 y - a ring of positive energy (right hand)
Wands
 c - a wand of iceblast (10)
 A - a wand of flame (14)
Scrolls
 e - 10 scrolls of remove curse
 g - 2 scrolls of amnesia {unknown}
 i - 2 scrolls of teleportation
 p - 2 scrolls of identify
 w - 2 scrolls of blinking
 B - a scroll of immolation {unknown}
Potions
 m - 2 potions of flight
 o - a potion of brilliance
 z - a potion of lignification {unknown}
 D - a potion of ambrosia
Comestibles
 f - 21 rations


   Skills:
 + Level 7.2 Fighting
 + Level 7.9(9.4) Short Blades
 + Level 7.7(9.3) Long Blades
 + Level 0.4 Throwing
 + Level 7.8 Armour
 + Level 3.5 Dodging
 + Level 0.3 Stealth
 + Level 6.3 Shields
 + Level 0.4 Invocations


You had 10 spell levels left.
You didn't know any spells.
Your spell library was empty.

Dungeon Overview and Level Annotations

Branches:
Dungeon (9/15)             Temple (0/1) D:7            Lair (2/6) D:8
  Swamp (0/4) Lair:2       Spider (0/4) Lair:2
    Orc: D:9-12

Altars:
Elyvilon
Gozag
Kikubaaqudgha
Nemelex Xobeh
Qazlal
Trog
The Shining One

Shops:
D:8 *

Portals:
Volcano: Lair:2

Annotations:
D:3 3 runed translucent doors, Starbucks's ghost, amateur BaFi
D:6 1 runed translucent door, Peloso's ghost, novice MiFi
Lair:1 exclusion: oklob plant


Message History

You feel very sick.
* * * LOW HITPOINT WARNING * * *
You feel very sick. You block the redback's attack. The redback bites you!
* * * LOW HITPOINT WARNING * * *
You are more poisoned.
The redback poisons you!
You feel protected.
* * * LOW HITPOINT WARNING * * *
You feel very sick. The redback completely misses you.
You block the redback's attack.
The jumping spider leaps!
The redback bites you but does no damage.
As you read the scroll of teleportation, it crumbles to dust.
You feel strangely unstable.
* * * LOW HITPOINT WARNING * * *
You feel very sick. The redback closely misses you.
The redback barely misses you. The redback bites you.
You die...

#...........≈≈.≈.≈.≈≈,,**
#.....##....≈≈≈...≈≈≈,,,*
#.....#.........>..,,,***
#...........≈≈≈..)≈≈≈,**
**##..........≈≈.≈.≈.≈≈,,*
*.............≈.≈≈.≈≈,≈,**
*#.............≈≈≈.≈≈≈,**
#...........ss..#≈#≈,**
#.#.........@...#*#***
#...............#*
*##P..##....s....#
*,..#.........## ***
**,.........°.#***,*
***,.##.......##,*,,**
*,,,,*##.......*,,,,,****
**,,,*,.#....P..,,,,,,,,* *
**,,,,,,,,,,,,,,,,,,,,*****


You could see a jumping spider and 2 redbacks.

Vanquished Creatures
  A black mamba (Lair:1)
  A spiny frog (Lair:1)
  A komodo dragon (Lair:1)
  A hornet (D:7)
  Grinder (Sewer)
  A hippogriff (Lair:1)
  A human (D:7)
  4 hogs (D:7)
  8 yaks (Lair:1)
  2 hell hounds (Lair:2)
  A water moccasin (Lair:1)
  3 porcupines (Lair:1)
  A sky beast (D:8)
  An orc warrior (D:7)
  A phantom (D:8)
  2 ogres
  3 wolves (Lair:1)
  3 centaurs
  A crocodile (Lair:2)
  2 big kobolds (Sewer)
  A wyvern zombie (D:6)
  5 bullfrogs
  A crimson imp (D:6)
  A centaur zombie (Ossuary)
  A hound (D:4)
  A quasit (Sewer)
  An orc priest (D:7)
  3 orc wizards
  A bullfrog skeleton (D:5)
  2 iguanas
  A worker ant (D:6)
  6 big kobold zombies
  A hound skeleton (D:4)
  2 mummies (Ossuary)
  A howler monkey skeleton (D:6)
  A howler monkey zombie (D:5)
  A river rat (D:4)
  7 adders
  2 shadow imps
  3 ufetubi (Sewer)
  2 oozes
  An adder zombie (Sewer)
  An adder skeleton (D:4)
  2 worms
  5 dart slugs
  4 leopard geckos
  14 orcs
  7 giant cockroaches
  6 goblins (D:1)
  8 hobgoblins
  11 jackals
  2 quokkas
  7 bats
  6 frilled lizards
  5 goblin zombies (Ossuary)
  4 hobgoblin zombies (Ossuary)
  21 kobolds
  A leopard gecko skeleton (D:4)
  An orc zombie (Ossuary)
  6 rats
195 creatures vanquished.

Vanquished Creatures (others)
  A big kobold zombie (Sewer)
  An orc (D:4)
2 creatures vanquished.

Grand Total: 197 creatures vanquished

Notes
Turn   | Place    | Note
-------+----------+-------------------------------------------
     0 | D:1      | Marnok the Human Fighter began the quest for the Orb.
     0 | D:1      | Reached XP level 1. HP: 18/18 MP: 1/1
   201 | D:1      | Reached XP level 2. HP: 24/24 MP: 2/2
   417 | D:1      | Reached XP level 3. HP: 28/29 MP: 3/3
   953 | D:2      | Reached XP level 4. HP: 30/35 MP: 4/4
  1984 | D:2      | Found a faded altar of an unknown god.
  1987 | D:2      | Became a worshipper of the Shining One
  1987 | D:2      | Reached * piety under the Shining One
  2124 | D:3      | Reached XP level 5. HP: 41/41 MP: 5/5
  2200 | D:3      | Found a runed translucent gate.
  2200 | D:3      | Found a runed translucent gate.
  2200 | D:3      | Found a runed translucent gate.
  2201 | D:3      | Found an opulent altar of Gozag.
  2204 | D:3      | Noticed Starbucks's ghost (amateur BaFi)
  2204 | D:3      | Noticed an orc warrior
  2306 | D:4      | Found a sparkling altar of Nemelex Xobeh.
  2335 | D:4      | Found a glowing drain.
  2405 | D:4      | Reached skill level 1 in Dodging
  2405 | D:4      | Reached XP level 6. HP: 12/48 MP: 6/6
  2418 | Sewer    | Entered a sewer
  2762 | Sewer    | Reached ** piety under the Shining One
  2867 | Sewer    | Found a burning altar of Makhleb.
  2924 | Sewer    | Reached XP level 7. HP: 37/53 MP: 7/7
  2946 | Sewer    | Noticed Grinder
  2960 | Sewer    | Paralysed by Grinder for 7 turns
  2991 | Sewer    | Reached skill level 5 in Long Blades
  3050 | Sewer    | Paralysed by Grinder for 3 turns
  3061 | Sewer    | Killed Grinder
  3081 | Sewer    | Got an ichor-stained buckler
  3092 | Sewer    | Identified the +1 buckler "Vedofuse" {rF+ Int+7} (You found
                  | it in a sewer)
  3267 | D:4      | Found a stormy altar of Qazlal.
  3288 | D:4      | Reached XP level 8. HP: 19/60 MP: 8/8
  3518 | D:4      | Reached *** piety under the Shining One
  3591 | D:5      | Entered Level 5 of the Dungeon
  3724 | D:5      | Found a sand-covered staircase.
  3730 | Ossuary  | Entered an ossuary
  3741 | Ossuary  | Reached **** piety under the Shining One
  3791 | Ossuary  | Reached skill level 5 in Shields
  3996 | D:5      | Found a glowing golden altar of the Shining One.
  4232 | D:5      | Found a white marble altar of Elyvilon.
  4512 | D:6      | Found a bloodstained altar of Trog.
  4816 | D:6      | Identified a scroll of acquirement
  4817 | D:6      | Got a slimy quick blade
  4818 | D:6      | Identified the +7 quick blade of the Nexus {pierce, rC+}
                  | (You acquired it on level 6 of the Dungeon)
  4922 | D:6      | Reached skill level 5 in Fighting
  4954 | D:6      | Found an ancient bone altar of Kikubaaqudgha.
  5063 | D:7      | Reached skill level 5 in Armour
  5122 | D:7      | Noticed a human
  5122 | D:7      | Noticed a hog
  5122 | D:7      | Noticed a hog
  5122 | D:7      | Noticed a hog
  5123 | D:7      | Noticed a hog
  5136 | D:7      | Killed a human
  5136 | D:7      | Reached XP level 9. HP: 59/68 MP: 9/9
  5169 | D:7      | Reached skill level 1 in Short Blades
  5766 | D:7      | Noticed a hornet
  5778 | D:7      | Paralysed by a hornet for 3 turns
  6011 | D:7      | Paralysed by a hornet for 1 turns
  6019 | D:7      | Killed a hornet
  6047 | D:7      | Found a staircase to the Ecumenical Temple.
  6320 | D:6      | Found a runed translucent door.
  6320 | D:6      | Noticed Peloso's ghost (novice MiFi)
  6545 | D:8      | Found Lojishrun's Blasphemy Boutique.
  6545 | D:8      | Found an ancient bone altar of Kikubaaqudgha.
  6602 | D:8      | Reached XP level 10. HP: 69/76 MP: 10/10
  6676 | D:8      | Found a staircase to the Lair.
  6699 | Lair:1   | Entered Level 1 of the Lair of Beasts
  6859 | Lair:1   | Reached skill level 5 in Short Blades
  6870 | Lair:1   | Noticed a spiny frog
  6870 | Lair:1   | Reached ***** piety under the Shining One
  6888 | Lair:1   | Killed a spiny frog
  6914 | Lair:1   | Noticed a black mamba
  6944 | Lair:1   | Killed a black mamba
  7241 | Lair:1   | Noticed an oklob plant
  7371 | Lair:1   | Noticed a komodo dragon
  7385 | Lair:1   | Killed a komodo dragon
  7628 | Lair:1   | Reached XP level 11. HP: 66/83 MP: 11/11
  7925 | Lair:2   | Found a dark tunnel.
  7996 | Lair:2   | Found a hole to the Spider Nest.
  8018 | Lair:2   | HP: 4/84 [poisoned by a redback]
  8018 | Lair:2   | Slain by a redback

Skill      XL: |  1  2  3  4  5  6  7  8  9 10 11 |
---------------+----------------------------------+-----
Long Blades    | 3 4 5 7 |  7.7
Dodging        | 1 2 3 |  3.5
Shields        | 4 5 6 |  6.3
Fighting       | 4 5 6 7 |  7.2
Armour         | 4 5 6 7 |  7.8
Short Blades   | 3 7 |  7.9
Throwing       | |  0.4
Stealth        | |  0.3
Invocations    | |  0.4

Action                   |  1- 3 |  4- 6 |  7- 9 | 10-12 || total
-------------------------+-------+-------+-------+-------++-------
Melee: Long sword        |   124 |   263 |   213 |       ||   600
       Quick blade       |       |       |   132 |   210 ||   342
Throw: Javelin           |       |       |     2 |     4 ||     6
Invok: Divine Shield     |       |     1 |       |       ||     1
       Cleansing Flame   |       |       |     1 |       ||     1
Evoke: Wand              |       |       |       |     1 ||     1
  Use: Potion            |     2 |     5 |    10 |     4 ||    21
       Scroll            |       |     9 |     6 |     2 ||    17
  Eat: Chunk             |       |     8 |     5 |     4 ||    17
       Ration            |       |       |     2 |       ||     2
Armor: Scale mail        |    52 |   135 |   129 |       ||   316
       Plate armour      |       |       |    43 |    66 ||   109
Dodge: Dodged            |    34 |    93 |   176 |    32 ||   335
Block: Shield            |    68 |   185 |    15 |       ||   268
       Buckler           |       |       |   104 |    32 ||   136
       Rpst.: Long sword |     6 |    31 |    41 |       ||    78
